 Dungeon Sprint DCSS version 0.30-a0-1116-gebefce21f7 (webtiles) character file.

Game seed: 9604206621351283066

110 123456 the Trooper (level 4, 0/47 HPs)
             Began as a Minotaur Fighter on Apr 21, 2023.
             Slain by an ice beast (13 damage)
             ... in the Dungeon (Sprint IX: "|||||||||||||||||||||||||||||").
             The game lasted 00:00:13 (41 turns).

123456 the Trooper (Minotaur Fighter)                 Turns: 41, Time: 00:00:13

Health: 0/47       AC:  7    Str: 21    XL:     4   Next: 61%
Magic:  3/3        EV: 10    Int:  5    God:
Gold:   0          SH:  4    Dex: 11    Spells: 3/3 levels left

rFire   . . .      SeeInvis .    a - +0 flail
rCold   . . .      Faith    .    c - +0 buckler
rNeg    . . .      Spirit   .    b - +0 scale mail
rPois   .          Reflect  .    (helmet restricted)
rElec   .          Rampage  .    (no cloak)
rCorr   .          NoTele   +    (no gloves)
Will    .....                    (no boots) Stlth
                                 (no amulet)
HPRegen 0.27/turn                (no ring)
MPRegen 0.08/turn                (no ring)

@: no status effects
A: horns 2, retaliatory headbutt
a: no special abilities


You were in the Dungeon.
You visited 1 branch

Inventory:

Hand Weapons
 a - a +0 flail (weapon)
Armour
 b - a +0 scale mail (worn)
 c - a +0 buckler (worn)
Scrolls
 j - a scroll of blinking
Potions
 d - a potion of might
 e - a potion of curing
 f - a potion of heal wounds
 g - a potion of haste
 h - 2 potions of magic
 i - a potion of berserk rage


   Skills:
 * Level 7.4 Fighting
 * Level 6.7 Maces & Flails
 + Level 5.7 Armour
 + Level 3.7 Dodging
 - Level 3.6 Shields


You had 3 spell levels left.
You didn't know any spells.
Your spell library was empty.

Dungeon Overview and Level Annotations

Branches:
Dungeon (1/1)

Altars:


Innate Abilities, Weirdness & Mutations

You have a pair of horns on your head.
You reflexively headbutt those who attack you in melee.


Message History

Your Armour skill increases to level 5!
Your Dodging skill gained 2 levels and is now at level 3!
You have reached level 2!
You have reached level 3!
Your experience leads to an increase in your attributes!
Increase (S)trength, (I)ntelligence, or (D)exterity?
You feel agile. x2
You have reached level 4!
You feel stronger.
Unknown command.
You barely miss the white imp. Your headbutt misses the white imp.
The white imp hits you but does no damage.
You barely miss the white imp. The white imp gestures at you.
The puff of frost hits you!
* * * LOW HITPOINT WARNING * * *
The white imp completely misses you.
You hit the white imp. You headbutt the white imp.
The white imp is severely wounded.
The white imp misses you. You furiously retaliate!
You headbutt the white imp!
You kill the white imp!
You sock something! Something hits you but does no damage.
Unknown command.
You barely miss something. Something hits you but does no damage.
You closely miss something. You headbutt something.
Reactivating autopickup.
You feel a bit more experienced.
Your Fighting skill increases to level 7!
You closely miss the ice beast. Your headbutt misses the ice beast.
The ice beast hits you but does no damage.
You barely miss the ice beast. You block the ice beast's attack.
You sock the ice beast! Your headbutt misses the ice beast.
The ice beast is heavily wounded.
The ice beast hits you but does no damage.
You hit the ice beast.
The ice beast is severely wounded.
The ice beast hits you.
* * * LOW HITPOINT WARNING * * *
The ice beast freezes you!
You die... ▓▓▓▓▓▓▓▓▓▓▓▓▓▓▓▓▓▓ +....hY@....)...<▓ ▓▓▓▓▓▓▓▓▓▓▓▓▓▓▓▓▓▓

You could see an ice beast and a jackal.

Vanquished Creatures
  A phantom (D)
  An orc wizard (D)
  A white imp (D)
  A ball python (D)
  A goblin (D)
  A hobgoblin (D)
  2 bats (D)
8 creatures vanquished.

Notes
Turn   | Place    | Note
-------+----------+-------------------------------------------
     0 | D        | 123456 the Minotaur Fighter began the quest for the Orb.
     0 | D        | Reached XP level 1. HP: 19/19 MP: 0/0
     6 | D        | Reached skill level 4 in Fighting
    11 | D        | Reached skill level 1 in Dodging
    19 | D        | Noticed an ice beast
    19 | D        | Noticed an orc wizard
    19 | D        | Noticed a phantom
    31 | D        | Killed a phantom
    32 | D        | Reached skill level 6 in Fighting
    32 | D        | Reached skill level 5 in Armour
    32 | D        | Reached XP level 2. HP: 13/31 MP: 1/1
    32 | D        | Reached XP level 3. HP: 16/38 MP: 2/2
    32 | D        | Reached XP level 4. HP: 19/45 MP: 3/3
    38 | D        | Reached skill level 7 in Fighting
    41 | D        | Slain by an ice beast

Illustrated notes

Levels and vault maps discovered:
D:        linesprint [early_d, line_temple, items_1, d_10, items_2, lair_1,
          lair_end, items_3, orc_1, orc_end, items_4, d_15, swamp_1, shoals_1,
          snake_1, spider_1, d_20, vaults_1, items_5, swamp_end, shoals_end,
          snake_end, spider_end, vaults_end, d_27, items_6, zot_1, zot_end,
          crypt_end, forest_end, elf_end, slime_end, tomb_end, abyss_end,
          pan_hell_end]

Skill      XL: |  1  2  3  4 |
---------------+-------------+-----
Fighting       | 6 7 |  7.4
Maces & Flails | 6 |  6.7
Armour         | 5 |  5.7
Dodging        | 3 |  3.7
Shields        | |  3.6

Action                     |  1- 3 |  4- 6 || total
---------------------------+-------+-------++-------
  Melee: Flail             |    21 |    10 ||    31
         Headbutt          |     3 |     2 ||     5
 Armour: Scale mail        |    10 |     5 ||    15
  Dodge: Dodged            |    10 |     2 ||    12
  Block: Buckler           |     2 |     1 ||     3

Table legend: (Time is in decaauts)
 A = Elapsed time spent in this place.
 B = Non-inter-level travel time spent in this place.
 C = Inter-level travel time spent in this place.
 D = Time resting spent in this place.
 E = Time spent auto-exploring this place.
 F = Levels seen in this place.
 G = Mean time per level.
                   A        B        C        D        E       F      G
               +--------+--------+--------+--------+--------+-----+--------+
         Total |     47 |     47 |      0 |      0 |      9 |   1 |   47.0 |
       Dungeon |     47 |     47 |      0 |      0 |      9 |   1 |   47.0 |
               +--------+--------+--------+--------+--------+-----+--------+

Top non-repeatable levels by time:
       D: 47 daAuts
